 Dungeon Crawl Stone Soup version 0.22.0-49-gab54619 (webtiles) character file.

497 Starchild the Slicer (level 7, -2/40 HPs)
             Began as a Kobold Hunter on Sept 6, 2018.
             Was an Initiate of Dithmenos.
             Killed by nerve-wracking pain
             ... invoked by Grinder
              (6 damage)
             ... on level 3 of the Dungeon.
             The game lasted 00:19:03 (3717 turns).

Starchild the Slicer (Kobold Hunter)                Turns: 3717, Time: 00:19:03

Health: -2/40      AC:  3    Str: 12    XL:     7   Next: 38%
Magic:  7/7        EV: 14    Int: 14    God:    Dithmenos [......]
Gold:   197        SH:  0    Dex: 15    Spells: 6/6 levels left

rFire    . . .     SeeInvis .   a - +1 hand crossbow
rCold    + . .     Gourm    .   (shield restricted)
rNeg     . . .     Faith    .   c - +0 leather armour
rPois    .         Spirit   .   (no helmet)
rElec    .         Reflect  .   (no cloak)
rCorr    .         Harm     .   (no gloves)
MR       .....                  (no boots)
Stlth    +++.......             (no amulet)
HPRegen  0.13/turn              o - ring of protection from cold
MPRegen  0.10/turn              n - ring of stealth

@: no status effects
A: small, talons 1, carnivore, clever 1
a: Renounce Religion


You were on level 3 of the Dungeon.
You worshipped Dithmenos.
Dithmenos was noncommittal.
You were not hungry.

You visited 1 branch of the dungeon, and saw 4 of its levels.

You collected 197 gold pieces.

Inventory:

Hand Weapons
 a - a +1 hand crossbow (weapon)
 b - a +0 short sword
 y - a +2 dagger of speed
Missiles
 d - 19 bolts (quivered)
 h - 11 tomahawks
 i - 115 stones
Armour
 c - a +0 leather armour (worn)
Jewellery
 m - an uncursed ring of resist corrosion
 n - a ring of stealth (right hand)
 o - a ring of protection from cold (left hand)
Wands
 s - a wand of flame (38)
Scrolls
 g - 2 scrolls of identify
 k - 2 scrolls of teleportation
 l - a scroll of enchant weapon {unknown}
 r - 3 scrolls of remove curse
 u - a scroll of noise {unknown}
 v - 3 scrolls of fear {unknown}
 w - 2 scrolls of enchant armour {unknown}
 z - 2 scrolls of amnesia {unknown}
Potions
 e - a potion of curing
 j - a potion of haste {unknown}
 p - 2 potions of mutation
 q - a potion of agility {unknown}
 t - a potion of might {unknown}
 x - 2 potions of flight {unknown}
 A - a potion of berserk rage {unknown}
Comestibles
 f - 9 rations


   Skills:
 - Level 2.1 Fighting
 - Level 8.0 Short Blades
 + Level 6.6 Crossbows
 - Level 2.4 Dodging
 - Level 1.3 Stealth


You had 6 spell levels left.
You didn't know any spells.
Your spell library was empty.

Dungeon Overview and Level Annotations

Branches:
Dungeon (4/15)
 Temple: D:4-7

Altars:
Ashenzari
Dithmenos
Okawaru

Shops:
D:4 %[=:

Annotations:
D:3 Grinder, Sigmund


Innate Abilities, Weirdness & Mutations

You are small and have problems with some larger weapons.
You are carnivorous and can eat meat at any time.
You have sharp toenails.
Your mind is acute. (Int +2)


Message History

Grinder blinks!
It was a potion of mutation.
You feel extremely strange.
You feel clever.
Your toenails lengthen and sharpen.
Wield which item (- for none, * to show all)? (? for menu, Esc to quit)
a - a +1 hand crossbow (weapon)
Firing (i - inventory. (/) - cycle)
d - 21 bolts (quivered)
Press: ? - help, Shift-Dir - straight line, f/p - Grinder
Aim: Grinder (severely wounded)
You shoot a bolt. The bolt hits Grinder.
Grinder is almost dead.
Grinder gestures at you. Pain shoots through your body!
* * * LOW HITPOINT WARNING * * *
Firing (i - inventory. (/) - cycle)
d - 20 bolts (quivered)
Press: ? - help, Shift-Dir - straight line, f/p - Grinder
Aim: Grinder (almost dead)
You shoot a bolt. The bolt closely misses Grinder.
Grinder gestures at you. Pain shoots through your body!
You die...

#..#....#....# #.##.#...
##...#..#.....# #........ #
#...##.....(# ####.#.#>
###...##.....(## #.#.#.
##..#..###[#..(## #..... #.#.#.#
#.....># #..... ##..#..#
#(..).(## ##..#.
.##...####.5....(# ######..#.
.##...###.....♣≈@♣♣ #........(
...#...###.###♣♣≈≈♣ #.####..#.
#...#..# #.# ♣≈.♣♣ #.# #..#.
.....#.# #.♣ ♣P≈≈♣ ##.# ##....
.##...## #♣♣♣♣♣♣.≈♣♣♣♣♣..# #.....
##########♣P≈≈♣≈≈≈.♣P♣≈### #.....
# ###.#...≈≈....≈≈.≈..## #.#... #
#.....♣♣P♣≈≈≈≈♣≈♣P♣#.###.#..[
#####.....♣♣♣♣♣P≈♣♣♣♣♣♣##.##.###.


You could see Grinder.

Vanquished Creatures
  An ogre (D:4)
  A scorpion (D:4)
  A howler monkey (D:3)
  A crimson imp (D:2)
  2 hounds (D:4)
  An orc priest (D:4)
  Jessica (D:3)
  Ijyb (D:3)
  A worker ant (D:4)
  5 adders
  4 worms
  3 dart slugs
  3 leopard geckos (D:3)
  4 orcs
  3 ball pythons (D:1)
  6 bats
  3 giant cockroaches
  4 goblins
  9 hobgoblins
  3 jackals (D:4)
  2 frilled lizards
  4 kobolds
  10 rats
73 creatures vanquished.

Notes
Turn   | Place    | Note
-------+----------+-------------------------------------------
     0 | D:1      | Starchild the Kobold Hunter began the quest for the Orb.
     0 | D:1      | Reached XP level 1. HP: 12/12 MP: 1/1
    15 | D:1      | Reached skill level 1 in Short Blades
    57 | D:1      | Reached skill level 2 in Short Blades
    57 | D:1      | Reached XP level 2. HP: 14/17 MP: 2/2
   213 | D:1      | Reached skill level 3 in Short Blades
   271 | D:1      | Reached XP level 3. HP: 21/21 MP: 3/3
   663 | D:2      | Reached skill level 4 in Short Blades
   709 | D:2      | Reached skill level 5 in Short Blades
   709 | D:2      | Reached XP level 4. HP: 12/26 MP: 4/4
  1152 | D:2      | Reached XP level 5. HP: 30/30 MP: 5/5
  1533 | D:3      | Reached skill level 6 in Short Blades
  1560 | D:3      | Noticed Ijyb
  1566 | D:3      | Killed Ijyb
  1677 | D:3      | Reached XP level 6. HP: 35/35 MP: 6/6
  1687 | D:3      | Noticed Jessica
  1694 | D:3      | Killed Jessica
  1694 | D:3      | Reached skill level 7 in Short Blades
  1983 | D:3      | Noticed Grinder
  1992 | D:3      | Paralysed by Grinder for 7 turns
  2002 | D:3      | HP: 1/35 [Grinder (5)]
  2497 | D:3      | Noticed Sigmund
  2626 | D:4      | Found Apoogib's Jewellery Emporium.
  2766 | D:4      | Found Jeluisopna's Book Emporium.
  2821 | D:4      | Found Gyrphew's Armour Shoppe.
  2824 | D:4      | Found Fixem's Food Boutique.
  2869 | D:4      | Reached skill level 8 in Short Blades
  2994 | D:4      | Reached skill level 5 in Crossbows
  3068 | D:4      | Found a shadowy altar of Dithmenos.
  3078 | D:4      | Reached XP level 7. HP: 40/40 MP: 7/7
  3095 | D:4      | Became a worshipper of Dithmenos the Shadowed
  3574 | D:4      | Found a shattered altar of Ashenzari.
  3574 | D:4      | Found an iron altar of Okawaru.
  3714 | D:3      | Gained mutation: Your mind is acute. (Int +2) [potion of
                  | mutation]
  3714 | D:3      | Gained mutation: You have sharp toenails. [potion of
                  | mutation]
  3717 | D:3      | Killed from afar by Grinder

Skill      XL: |  1  2  3  4  5  6  7 |
---------------+----------------------+-----
Short Blades   | 2 3 5 6 8 |  8.0
Crossbows      | 5 6 |  6.6
Fighting       | |  2.1
Dodging        | |  2.4
Stealth        | |  1.3

Action                   |  1- 3 |  4- 6 |  7- 9 || total
-------------------------+-------+-------+-------++-------
Melee: Short sword       |   116 |    54 |       ||   170
       Dagger            |       |       |    43 ||    43
 Fire: Hand crossbow     |     9 |    78 |    16 ||   103
Throw: Tomahawk          |     1 |     1 |       ||     2
  Use: Scroll            |       |     5 |       ||     5
       Potion            |       |     2 |     1 ||     3
 Stab: Sleeping          |     1 |       |       ||     1
  Eat: Chunk             |       |     9 |       ||     9
Armor: Leather armour    |    14 |    10 |     2 ||    26
Dodge: Dodged            |    63 |    22 |    12 ||    97
